 Dungeon Crawl Stone Soup version 0.17-a0-1430-g49fde19 (webtiles) character file.

26 bal the Ruffian (level 2, 0/23 HPs)
             Began as a Draconian Transmuter on June 25, 2015.
             Succumbed to an adder's poison
             ... on level 2 of the Dungeon.
             The game lasted 00:03:03 (1584 turns).

bal the Ruffian (Draconian Transmuter)              Turns: 1584, Time: 00:03:03

Health: 0/23       AC:  4    Str: 12    XL:     2   Next: 89%
Magic:  2/5        EV: 12    Int: 13    God:
Gold:   74         SH:  0    Dex: 11    Spells: 2 memorised, 2 levels left

rFire  . . .     SeeInvis .     j - +0 spear
rCold  . . .     Clarity  .     (armour unavailable)
rNeg   . . .     SustAt   .     (no shield)
rPois  .         Gourm    .     (helmet restricted)
rElec  .         Spirit   .     (no cloak)
rCorr  .         Warding  .     (no gloves)
rMut   .         Stasis   .     (boots currently unavailable)
MR     .....                    (no amulet)
Stlth  +.........               (no ring)
                                (no ring)

@: lethally poisoned (0 -> -7), appendage, not resistant to hostile
enchantments, very unstealthy
A: unfitting armour, talons 3, cold-blooded, AC +4
a: End Transformation


You were on level 2 of the Dungeon.
You were not hungry.
You had grown temporary talons.
You visited 1 branch of the dungeon, and saw 2 of its levels.

You collected 74 gold pieces.

Inventory:

Hand weapons
 j - a +0 spear (weapon)
Missiles
 a - 19 arrows
Jewellery
 d - a +3 ring of protection {unknown}
 h - a cursed ring of teleportation {unknown}
 n - an uncursed ring of sustain attributes {unknown}
Scrolls
 f - a scroll of magic mapping {unknown}
 g - a scroll of fear {unknown}
 i - a scroll of amnesia {unknown}
 k - a scroll of blinking {unknown}
 l - a scroll of teleportation {unknown}
 o - a scroll of remove curse {unknown}
Potions
 e - 5 potions of heal wounds {unknown}
 m - a potion of might {unknown}
Books
 b - a book of Changes

   Spells                             Type                      Level
   a - Beastly Appendage              Transmutation                1
   b - Sticks to Snakes               Transmutation                2
   c - Spider Form                    Transmutation/Poison         3
   d - Ice Form                       Ice/Transmutation            4
   e - Blade Hands                    Transmutation                5


   Skills:
 + Level 1.1 Fighting
 + Level 2.2 Dodging
 + Level 0.6 Stealth
 + Level 3.2 Unarmed Combat
 + Level 2.4 Spellcasting
 + Level 2.1 Transmutations


You had 2 spell levels left.
You knew the following spells:

 Your Spells              Type           Power        Failure   Level  Hunger
a - Beastly Appendage     Trmt           #.....       12%         1    #......
b - Sticks to Snakes      Trmt           #.........   17%         2    ###....


Dungeon Overview and Level Annotations

Branches:
Dungeon (2/15)

Altars:
Elyvilon


Innate Abilities, Weirdness & Mutations

Your plain brown scales are hard (AC +4).
Your body does not fit into most forms of armour.
You are cold-blooded and may be slowed by cold attacks.
You have claws for feet.


Message History

The adder barely misses you.
You closely miss the adder.
The adder is moderately wounded.
The adder bites you but does no damage. The adder bites you.
* * * LOW HITPOINT WARNING * * *
You are lethally poisoned!
The adder poisons you!
You closely miss the adder.
The adder is moderately wounded.
* * * LOW HITPOINT WARNING * * *
You feel sick. The adder bites you.
* * * LOW HITPOINT WARNING * * *
You hit the adder. Your kick misses the adder.
The adder is heavily wounded.
The adder bites you but does no damage. The adder misses you.
A kobold comes into view.
The kobold shouts!
You hit the adder. Your kick misses the adder.
The adder is almost dead.
You die...

.. #.### #... #..#
#..# ...#
.########K#######
......S@.........
#..######.######
#.........#
#.####.##.#
#.....#.#
#<....#.#
##.#.####..#.##
.........)#..##.#.
##.#####.)........


You could see an adder and a kobold.

Vanquished Creatures
  An ooze (D:1)
  A bat (D:2)
  2 giant cockroaches
  2 goblins (D:1)
  A hobgoblin (D:1)
  4 jackals (D:2)
  7 kobolds
  4 rats (D:1)
22 creatures vanquished.

Notes
Turn   | Place    | Note
--------------------------------------------------------------
     0 | D:1      | bal the Draconian Transmuter began the quest for the Orb.
     0 | D:1      | Reached XP level 1. HP: 16/16 MP: 3/3
   864 | D:1      | Reached XP level 2. HP: 5/23 MP: 3/5
   871 | D:1      | HP: 1/23 [goblin/dagger (3)]
  1466 | D:1      | Learned a level 2 spell: Sticks to Snakes
  1490 | D:2      | Found a white marble altar of Elyvilon.
  1582 | D:2      | HP: 1/23 [adder (4)]
  1584 | D:2      | Succumbed to an adder's poison

Vault maps used:
D:1:      minmay_arrival_jagged, minmay_large_rounded_square,
          minmay_misc_feat_secret_circle
D:2:      first_bread, ecumenical_altar_2, elyvilon_altar_5

Action                   || total
-------------------------++-------
Melee: Unarmed           ||    68
       Spear             ||    52
 Cast: Beastly Appendage ||    10
       Sticks to Snakes  ||     3
 Stab: Sleeping          ||     1
  Eat: Bread ration      ||     1
       Beef jerky        ||     1
